General information
- name: BNet
- type: Ladder 1vs1/FFA
- host: Battle.net
- saver: coL.Gate
map: TurtleRock
- players: 2
- length: 21:08
- speed: Fast
- version: 1.26 W3XP
- replay type: Public
» download(58 KB)
Players
team 1 (loser)
blitzmagician (
red | 47 APM | 995 actions | 21:08)
2 Mountain King
1 Storm Bolt
1 Bash
» actions
| Basic commands | 1 | |
| Build / train | 93 | |
| Enter build submenu | 12 | |
| Enter hero's abilities submenu | 2 | |
| Remove unit from queue | 2 | |
| Right click | 526 | |
| Select / deselect | 304 | |
| Use ability | 55 | |
995 total
» units
» upgrades
» buildings
| Altar of Kings | 1 | |
| Barracks | 2 | |
| Farm | 9 | |
12 total
» build order
00:25 Altar of Kings
00:40 Barracks
00:54 Barracks
01:10 Farm
01:47 Farm
02:23 Farm
03:59 Farm
04:14 Farm
06:20 Farm
06:54 Farm
07:38 Farm
08:12 Farm
team 2 (winner)
coL.Gate (
purple | 66 APM | 1388 actions | 21:08)
6 Blademaster
2 Wind Walk
3 Critical Strike
1 Bladestorm
» actions
| Assign group hotkey | 39 | |
| Basic commands | 31 | |
| Build / train | 50 | |
| Enter build submenu | 23 | |
| Enter hero's abilities submenu | 6 | |
| Give item / drop item | 3 | |
| Remove unit from queue | 2 | |
| Right click | 804 | |
| Select / deselect | 159 | |
| Select group hotkey | 171 | |
| Use ability | 100 | |
1388 total
» units
» upgrades
» buildings
| Altar of Storms | 1 | |
| Orc Burrow | 4 | |
| Voodoo Lounge | 2 | |
| War Mill | 1 | |
| Watch Tower | 7 | |
| Stronghold | 1 | |
| Beastiary | 2 | |
| Fortress | 3 | |
| Great Hall | 1 | |
22 total
» build order
00:08 Altar of Storms
00:18 Orc Burrow
00:40 Voodoo Lounge
01:31 Orc Burrow
01:42 War Mill
02:57 Watch Tower
03:24 Watch Tower
03:24 Watch Tower
03:33 Watch Tower
04:32 Stronghold
04:46 Orc Burrow
04:50 Watch Tower
04:54 Watch Tower
04:56 Watch Tower
06:55 Beastiary
07:00 Beastiary
08:07 Fortress
08:07 Fortress
08:08 Fortress
12:56 Great Hall
14:45 Voodoo Lounge
19:51 Orc Burrow
» items
| Lesser Clarity Potion | 6 | |
| Healing Salve | 4 | |
| Boots of Speed | 1 | |
| Dust of Appearance | 1 | |
| Scroll of Speed | 1 | |
13 total
Chat log
(16:58 / All) blitzmagician: gg
(17:00 / All) coL.Gate: rofl
(17:01 / All) coL.Gate: not really
(17:42 / All) blitzmagician: whatever u got lucky once i beat u 4 times before and u complained then 2
(17:43 / All) coL.Gate: lmfao
(17:46 / All) coL.Gate: no you didnt
(18:03 / All) coL.Gate: but tell yourself whatever you need to
(18:04 / All) blitzmagician: yes i did check it out on wc
(18:10 / All) coL.Gate: "check it out on wc"
(18:11 / All) blitzmagician: check
(18:12 / All) coL.Gate: lol
(18:31 / All) coL.Gate: this is a recent account and my losses are from lossbotting
(18:36 / All) blitzmagician: and u barely won this time or did u?????
(18:48 / All) blitzmagician: lol
(18:49 / All) blitzmagician: lol
(18:51 / All) coL.Gate: you made the most predictable and dumb rush ive ever seen
(18:55 / All) coL.Gate: but now youre trying to save face
(18:56 / All) blitzmagician: lol
(18:57 / All) coL.Gate: which is cute
(18:59 / All) coL.Gate: and shows your anger
(19:05 / All) coL.Gate: now youll continue to pretend to laugh
(19:06 / All) blitzmagician: lol
(19:08 / All) blitzmagician: lol
(19:10 / All) blitzmagician: lol
(19:11 / All) blitzmagician: lol
(19:12 / All) coL.Gate: seen it all before kid
(19:13 / All) blitzmagician: lol
(19:14 / All) blitzmagician: lol
(19:16 / All) blitzmagician: lol
(19:17 / All) coL.Gate: run out of comebacks so you spam lol
(19:18 / All) blitzmagician: lol
(19:20 / All) blitzmagician: lol
(19:21 / All) blitzmagician: lol
(19:27 / All) coL.Gate: yep thats the stuff :)
(19:28 / All) blitzmagician: lol
(19:29 / All) blitzmagician: lol
(19:31 / All) blitzmagician: lol
(19:33 / All) blitzmagician: lol
(19:34 / All) blitzmagician: lol
(19:36 / All) blitzmagician: lol;
(19:38 / All) coL.Gate: love it when noobs cry :D
(20:07 / All) coL.Gate: aww you stopped spamming
(20:15 / All) coL.Gate: smashed your keyboard?
(20:16 / All) blitzmagician: noob!!!! lol im higher than u!!! u just got lucky!!!!
(20:25 / All) coL.Gate: only virgins care about ladder level
(20:28 / All) coL.Gate: lmao
(20:33 / All) coL.Gate: but at least i know youre still mad
(20:46 / All) blitzmagician: my ladder is bigger than yours!!!!!
(20:59 / All) blitzmagician: hurry up newbie
(21:00 / All) coL.Gate: btw if youre gonna do this shit at least micro